 Dungeon Crawl Stone Soup version 0.20.1-1-g8b1a95d (webtiles) character file.

1729 vatarom the Grappler (level 8, -9/70 HPs)
             Began as a Troll Transmuter on Sept 19, 2017.
             Was an Initiate of Ashenzari.
             Mangled by an orc warrior
             ... wielding a +0 glaive
              (19 damage)
             ... on level 7 of the Dungeon.
             The game lasted 00:12:49 (4296 turns).

vatarom the Grappler (Troll Transmuter)             Turns: 4296, Time: 00:12:49

Health: -9/70      AC:  6    Str: 19    XL:     8   Next: 76%
Magic:  8/8        EV: 12    Int: 11    God:    Ashenzari [......]
Gold:   437        SH:  0    Dex: 10    Spells: 3/9 levels left

rFire    . . .     SeeInvis .     - Unarmed
rCold    . . .     Gourm    +   (no shield)
rNeg     . . .     Faith    .   b - +0 robe
rPois    .         Spirit   .   v - +0 hat
rElec    .         Reflect  .   q - +0 cloak (curse)
rCorr    .         Harm     .   (gloves unavailable)
MR       +....                  (boots unavailable)
Stlth    +.........             (no amulet)
Regen    0.7/turn               f - ring of protection from magic
MPRegen  0.2/turn               (no ring)

@: no status effects
A: unfitting armour, claws 3, fast metabolism 3, gourmand, sense surroundings 1,
regeneration 1, shaggy fur 1, tough skin 2, wild magic 1, evolution 1
a: Curse Item, Renounce Religion


You were on level 7 of the Dungeon.
You worshipped Ashenzari.
Ashenzari was noncommittal.
You were completely stuffed.

You visited 2 branches of the dungeon, and saw 8 of its levels.

You collected 437 gold pieces.

Inventory:

Missiles
 a - 113 arrows
Armour
 b - a +0 robe (worn)
 q - a cursed +0 cloak (worn)
 v - a +0 hat (worn)
Jewellery
 f - a ring of protection from magic (left claw)
Wands
 t - a wand of iceblast (9/15)
 x - a wand of lightning (7/15)
 y - a wand of scattershot (0/9)
Scrolls
 g - a scroll of fear
 k - 6 scrolls of teleportation
 l - a scroll of amnesia
 n - 2 scrolls of magic mapping
 u - 2 scrolls of recharging
 w - a scroll of remove curse
Potions
 e - a potion of lignification
 h - a potion of flight
 j - 5 potions of curing
 m - a potion of agility
 p - a potion of invisibility
 r - 2 potions of heal wounds
Books
 c - a book of Changes

   Spells                             Type                      Level
   a - Beastly Appendage              Transmutation                1
   b - Sticks to Snakes               Transmutation                2
   c - Spider Form                    Transmutation/Poison         3
   d - Ice Form                       Ice/Transmutation            4
   e - Blade Hands                    Transmutation                5
Comestibles
 d - 9 bread rations
 i - a chunk of flesh
 o - 3 royal jellies
 s - a meat ration


   Skills:
 - Level 1.3 Fighting
 + Level 6.6 Dodging
 + Level 8.6 Unarmed Combat
 - Level 1.2 Spellcasting
 - Level 1.3 Transmutations


You had 3 spell levels left.
You knew the following spells:

 Your Spells              Type           Power        Failure   Level  Hunger
a - Beastly Appendage     Tmut           #.....       26%         1    ##.....
b - Sticks to Snakes      Tmut           #.......     34%         2    ###....
c - Spider Form           Tmut/Pois      #.........   65%         3    ####...


Dungeon Overview and Level Annotations

Branches:
Dungeon (7/15)             Temple (1/1) D:5

Altars:
Ashenzari
Cheibriados
Dithmenos
Elyvilon
Fedhas
Gozag
Hepliaklqana
Kikubaaqudgha
Makhleb
Nemelex Xobeh
Okawaru
Qazlal
Ru
Sif Muna
Trog
Uskayaw
Vehumet
Xom
Yredelemnul
Zin
The Shining One

Shops:
D:5 [


Innate Abilities, Weirdness & Mutations

You are too large for most types of armour.
You have claws for hands.
Your metabolism is lightning-fast.
You like to eat raw meat.
Your natural rate of healing is unusually fast.
You are covered in fur. (AC +1)
You have very tough skin. (AC +2)
You passively map a small area around you.
Your spells are a little harder to cast, but a little more powerful.
You evolve.


Message History

The hound barely misses you.
Unknown command.
You miss the hound. The hound bites you but does no damage.
A centaur comes into view.
Unknown command.
The hound bites you but does no damage.
You claw the hound!
The hound is heavily wounded.
The hound misses you.
You barely miss the hound.
The hound is heavily wounded.
The hound bites you.
* * * LOW HITPOINT WARNING * * *
The orc warrior barely misses you. The hound bites you but does no damage.
Unknown command.
You miss the hound.
The hound is heavily wounded.
The hound bites you but does no damage.
The orc warrior hits you from afar with a glaive!!
You die...

####....................
# #..########.##.#.#..# #
#..########..#.#.#..#
#####...............#..#
.).....................##
####.#####......###.....#
### * # #.# *#......#
#.....# #.. ,, ., ...
#......###.....###.# * *
####.##
#......@##†#....##.# #
... ,
#...(.#h##......##.#####
# ...
,#######o.#o.............
# *... ,,
##.#......##.##### , , ,
* #...##.####.# ,
##...#.# #.# * , #...#.#
#.##### ##....####......
#....#.........


You could see an orc warrior and a hound.

Vanquished Creatures
  An orc warrior (D:5)
  An ice beast (D:6)
  A phantom (D:7)
  The ghost of Asgaroth the Poker, an amateur DsGl (D:3)
  A centaur (D:5)
  An ogre (D:4)
  3 bullfrogs
  A scorpion (D:6)
  A quasit (D:6)
  A crimson imp (D:7)
  A jelly (D:5)
  6 orc priests
  Crazy Yiuf (D:4)
  2 hounds (D:4)
  9 orc wizards
  A bullfrog skeleton (D:4)
  4 worker ants
  A howler monkey zombie (D:5)
  8 adders
  A shadow imp (D:5)
  2 worms
  3 dart slugs
  8 leopard geckos
  41 orcs
  9 giant cockroaches
  7 goblins
  12 hobgoblins
  12 jackals
  A quokka (D:2)
  5 bats
  4 frilled lizards
  A jackal skeleton (D:6)
  3 kobolds
  6 rats
  A bush (D:4)
161 creatures vanquished.

Notes
Turn   | Place    | Note
-------+----------+-------------------------------------------
     0 | D:1      | vatarom the Troll Transmuter began the quest for the Orb.
     0 | D:1      | Reached XP level 1. HP: 18/18 MP: 1/1
    74 | D:1      | Reached skill level 1 in Fighting
   170 | D:1      | Reached XP level 2. HP: 27/27 MP: 2/2
   509 | D:2      | Reached XP level 3. HP: 33/33 MP: 3/3
   643 | D:2      | Reached skill level 4 in Unarmed Combat
   778 | D:2      | Reached XP level 4. HP: 39/41 MP: 4/4
  1132 | D:3      | Learned a level 2 spell: Sticks to Snakes
  1158 | D:3      | Reached XP level 5. HP: 48/48 MP: 5/5
  1218 | D:3      | You fall through a shaft!
  1235 | D:4      | Reached skill level 5 in Unarmed Combat
  1249 | D:3      | Noticed Asgaroth's ghost (amateur DsGl)
  1331 | D:3      | Killed Asgaroth's ghost
  1331 | D:3      | Reached XP level 6. HP: 32/55 MP: 6/6
  1896 | D:4      | Reached skill level 6 in Unarmed Combat
  1902 | D:4      | Reached XP level 7. HP: 45/62 MP: 7/7
  2157 | D:4      | Found a sparkling altar of Nemelex Xobeh.
  2191 | D:4      | Gained mutation: You passively map a small area around you. [potion of mutation]
  2191 | D:4      | Gained mutation: You evolve. [potion of mutation]
  2191 | D:4      | Gained mutation: Your spells are a little harder to cast, but a little more powerful. [potion of mutation]
  2196 | D:4      | Learned a level 3 spell: Spider Form
  2501 | D:4      | Found a runed door.
  2505 | D:4      | Noticed Crazy Yiuf
  2510 | D:4      | Killed Crazy Yiuf
  2547 | D:5      | Entered Level 5 of the Dungeon
  2573 | D:5      | Reached skill level 5 in Dodging
  2576 | D:5      | Found Zaot's Antique Armour Boutique.
  2661 | D:5      | Reached skill level 7 in Unarmed Combat
  2812 | D:5      | Reached XP level 8. HP: 42/70 MP: 8/8
  2997 | D:5      | Found a staircase to the Ecumenical Temple.
  3011 | Temple   | Entered the Ecumenical Temple
  3177 | Temple   | Became a worshipper of Ashenzari the Shackled
  3528 | D:6      | Found a hazy altar of Hepliaklqana.
  4081 | D:6      | Reached skill level 8 in Unarmed Combat
  4296 | D:7      | Mangled by an orc warrior

Skill      XL: |  1  2  3  4  5  6  7  8 |
---------------+-------------------------+-----
Fighting       | 1 |  1.3
Dodging        | 2 3 4 5 6 |  6.6
Unarmed Combat | 4 5 6 7 8 |  8.6
Spellcasting   | |  1.2
Transmutations | |  1.3

Action                   |  1- 3 |  4- 6 |  7- 9 || total
-------------------------+-------+-------+-------++-------
Melee: Unarmed           |    98 |   196 |   224 ||   518
       Punch             |     1 |     5 |     8 ||    14
Invok: Curse Item        |       |       |     1 ||     1
Evoke: Wand              |       |       |     5 ||     5
  Use: Scroll            |     5 |     8 |     2 ||    15
       Potion            |       |     2 |     5 ||     7
 Stab: Sleeping          |       |     2 |       ||     2
  Eat: Chunk             |    13 |    10 |    20 ||    43
       Royal jelly       |       |       |     1 ||     1
Armor: Robe              |    47 |    70 |    66 ||   183
Dodge: Dodged            |    66 |   125 |    93 ||   284
